woodfighter, chaotic female elven Rogue --------- |.......(. i ################ --------- #@....=...| # |........# o|...d....| ###-------- |.>.....|# # ....Fo..o ############# #-..(...| |........# # --------- # |.......# |.......|##### # |......|# ---------# # # ).......|# # ### # #)#--------# # # # # % # # ### ############ # # # | # # # #%# -...- # # # # ######################`######` #-----# # -----.-- #|...|# -.^.[..| #|...|# |......| #-.^..# |......| ----- -------- woodfighter the Cutpurse Experience level: 5 Strength: 16 Dexterity: 19 Constitution: 11 Intelligence: 9 Wisdom: 13 Charisma: 8 Health: 0(27) Energy: 29(29) Def: 3 Gold: 36 Moves: 1936 Dungeon seed: ojEP2TTEDkWGX5GZ Game ID: woodfighter_1515970478 Your Inventory: Coins $ - 36 gold pieces Weapons a - a +0 elven short sword (weapon in hand) b - 15 +0 elven daggers (in quiver) Armor e - an uncursed +1 leather armor (being worn) n - an uncursed +0 elven mithril-coat q - an uncursed +0 orcish helm Comestibles i - an uncursed lichen corpse j - an uncursed egg m - an uncursed food ration t - 5 cursed apples u - 2 blessed cloves of garlic v - 7 blessed eucalyptus leaves x - 4 cursed sprigs of wolfsbane F - a cursed magic bean G - an uncursed tin of gnome meat Scrolls M - an uncursed scroll of enchant armor Potions L - a blessed potion of levitation Tools g - an uncursed blindfold k - an uncursed oil lamp (0:1341) w - a cursed magic whistle y - an uncursed lock pick E - a cursed stethoscope Spells and supernatural/magical abilities: Name Level Category Fail Memory W - pray for help -- divine ? -- Your skills at the end: Miscellaneous Skills wands [Basic] Weapon Skills dagger [Basic] short sword [Basic] Spellcasting Skills Final Attributes: You were piously aligned. You were sleep resistant. You were stunned. You had infravision. You were stealthy. You are dead. Vanquished creatures: a ghost a small mimic a giant beetle a gnome lord a gnomish wizard 3 elf zombies a puppy a kitten a kobold lord an iguana a hill orc 2 hobbits an acid blob 2 geckos 2 hobgoblins 2 yellow molds a gnome a garter snake a gnome zombie 4 jackals 2 kobolds 3 newts 2 sewer rats a grid bug 6 lichens a kobold zombie 44 creatures vanquished. Voluntary challenges: You did not adorn yourself with jewelry or accessories. You did not cause conflict. You were not invisible. You did not have reflection. You were not displaced. You were an atheist. You used a wielded weapon 53 times, starting on turn 4. You did not apply a unicorn horn. You did not use plumbed fixtures. You did not drink any magical draughts. You were illiterate. You never genocided any monsters. You never polymorphed an object. You never changed form. You used no wishes. You never split a pudding. You never wrote Elbereth's name. You never violated your personal moral code. Dungeon overview: The Dungeons of Doom: levels 1 to 6 Level 1 a long staircase Level 2 an armor shop, a fountain stairs to The Gnomish Mines Level 3 a sink Level 4 Level 5 <- You were here Level 6 The Gnomish Mines: Level 3 stairs to The Dungeons of Doom History has recorded: On T:1 you entered the Dungeons of Doom to retrieve the Amulet of Yendor! On T:113 you reached level 2 of The Dungeons of Doom. On T:366 you reached level 3 of The Dungeons of Doom. On T:457 you advanced to experience level 2. On T:461 you reached level 1 of The Gnomish Mines. On T:475 you advanced to experience level 3. On T:607 you advanced to experience level 4. On T:968 you reached level 4 of The Dungeons of Doom. On T:1354 you reached level 5 of The Dungeons of Doom. On T:1582 you advanced to experience level 5. On T:1776 you reached level 6 of The Dungeons of Doom. Score breakdown: Gold: 36 ( 3 points) Experience: 5 levels ( 400 points) Exploration: 6 levels ( 150 points) Discoveries: 6 items ( 300 points) Variety of kills: 26 monsters ( 1300 points) Major goal: (nothing yet) ( 0 points) Survival: died (score multiplied by 3) Total score: 6459 Latest messages: You succeed in picking the lock. The door opens. You stop exploring. A little dart shoots out at you! You are hit by a little dart. M - a scroll labeled JUYED AWK YACC. You stop exploring. You stab the kobold lord! The kobold lord punches you! You kill the kobold lord! You see here a kobold lord corpse. You stab the hill orc! The hill orc zaps an iridium wand! The magic missile hits you! The magic missile bounces! The magic missile whizzes by you! The magic missile hits the hill orc. You hear some noises in the distance. The door resists! The door opens. KABOOM!! The door was booby-trapped! You stagger... You stop searching. You whack the wall. Your elven short sword vibrates violently! The hill orc punches you! You die... Final status: Goodbye woodfighter the Rogue, killed by a hill orc... You died in The Dungeons of Doom on dungeon level 5 with 6459 points, and 36 pieces of gold, after 1936 moves. You were level 5 with a maximum of 27 hit points when you died.